AoeStats
← NASPI

Arabia

510283442Analyzed
3v3 RM · 1d ago on Sep 30, 2026· 10m 2s· 6 players
Game mode
Random Map
Map size
Normal (6 player)
Population
200
Speed
Normal
Resources
Standard
Victory
Conquest
Starting age
Dark Age
Ending age
Imperial Age
RankedLock teamsTeams togetherTeam positionsShared explorationLock speedFull tech treeHidden civsTurbo modeCheats
Victory
Defeat
🇦🇺 Slavs · Australia
1269
+17
🇦🇺 Inca · Australia
1234
+18
🇦🇺 Magyars · Australia
1226
+19
🇬🇧 Maya · United Kingdom
1326
-20
🇦🇷 Persians · Argentina
1263
-17
🇺🇸 Spanish · United States
1262
-17
The Gravekeeper
0:27 Loom
NASPI
1:36 Loom
3:59 Loom
海豚漫步
Papabear
6:05 Loom
JohnnyG
8:13 Loom
9:38 Loom
Toco
6:59 Loom
9:53 Feudal Age
Connection lost

Rejoining the realm…

Still unreachable

The connection could not be restored.

Session expired

The server has moved on; the page needs a fresh start.